AoeStats
← RIO1000

Arabia

507413370Analyzed
1v1 RM · 15d ago on Sep 18, 2026· 40m 46s· 2 players
Game mode
Random Map
Map size
Tiny (2 player)
Population
200
Speed
Normal
Resources
Standard
Victory
Conquest
Starting age
Dark Age
Ending age
Imperial Age
RankedLock teamsTeams togetherTeam positionsShared explorationLock speedFull tech treeHidden civsTurbo modeCheats
Victory
Defeat
🇨🇴 Persians · Colombia
857
+17
🇲🇽 Magyars · Mexico
874
-17
diegof.vargas
5:52 Loom
9:12 Feudal Age
9:32 Double-Bit Axe
13:20 Wheelbarrow
15:18 Man-at-Arms
19:12 Horse Collar
20:02 Forging
23:13 Castle Age
22:06 Forging
21:57 Scale Mail Armor
22:43 Fletching
23:35 Crossbowman
26:09 Husbandry
27:55 Iron Casting
31:03 Scale Barding Armor
30:53 Bodkin Arrow
30:59 Padded Archer Armor
31:14 Chain Mail Armor
31:18 Hand Cart
32:49 Thumb Ring
32:06 Long Swordsman
32:07 Pikeman
33:25 Pikeman
33:51 Gambesons
34:06 Squires
33:52 Arson
38:55 Imperial Age
37:31 Gold Mining
37:35 Stone Mining
37:11 Elite Skirmisher
39:59 Gold Shaft Mining
40:00 Stone Shaft Mining
39:14 Cavalier
40:05 Bloodlines
RIO1000
7:29 Loom
9:46 Feudal Age
10:31 Double-Bit Axe
15:45 Castle Age
18:51 Bow Saw
21:25 Horse Collar
24:02 Gold Mining
25:56 Heavy Plow
32:12 Gold Shaft Mining
31:46 Scale Barding Armor
32:58 Bloodlines
32:48 Husbandry
39:39 Wheelbarrow
Connection lost

Rejoining the realm…

Still unreachable

The connection could not be restored.

Session expired

The server has moved on; the page needs a fresh start.